IL
COLUMBUS CLIPPERS @ DURHAM BULLS
09/02/2044
 
TOP OF THE 1ST
Columbus Clippers batting - Pitching for Durham Bulls : RHP Bill Alicea
Pitching: RHP Bill Alicea
Batting: SHB Jonathan DeFranco 0-0: Ground out 5-3 (Groundball, 56D, EV 101.2 MPH)
Batting: RHB Tristan Dennis 0-0: Ground out 1-3 (Groundball, 13S, EV 70.0 MPH)
Batting: LHB Doug Frampton 0-0: Foul Ball, location: 2F
0-1: Foul Ball, location: 2F
0-2: Ball
1-2: Strikes out swinging
Top of the 1st over - 0 runs, 0 hits, 0 errors, 0 left on base; Columbus 0 - Durham 0
BOTTOM OF THE 1ST
Durham Bulls batting - Pitching for Columbus Clippers : RHP Matt Laverty
Pitching: RHP Matt Laverty
Batting: LHB Austin Ohmer 0-0: Swinging Strike
0-1: Foul Ball, location: 2F
0-2: Fly out, F7 (Flyball, 7D, EV 103.1 MPH)
Batting: SHB Ben Pierce 0-0: SINGLE (Groundball, 34D, EV 95.6 MPH)
Batting: LHB Robin More 0-0: Ball
Ben Pierce steals 2nd base
1-0: Foul Ball, location: 2F
1-1: Ball
2-1: Called Strike
Ben Pierce steals 3rd base
2-2: SINGLE (Line Drive, 8LS, EV 94.4 MPH)
Ben Pierce scores
Batting: SHB Jose Vargas 0-0: Called Strike
0-1: Fly out, F8 (Line Drive, 8LD, EV 102.5 MPH)
Batting: RHB Danny Diaz 0-0: Called Strike
0-1: Swinging Strike
0-2: Foul Ball, location: 2F
0-2: Fly out, F9 (Flyball, 8RM, EV 86.9 MPH)
Bottom of the 1st over - 1 run, 2 hits, 0 errors, 1 left on base; Columbus 0 - Durham 1
TOP OF THE 2ND
Columbus Clippers batting - Pitching for Durham Bulls : RHP Bill Alicea
Batting: RHB Chris Folse 0-0: Ball
1-0: Called Strike
1-1: SINGLE (Groundball, 56S, EV 74.4 MPH) (infield hit)
Batting: SHB Danny Simmons 0-0: Foul Ball, location: 2F
0-1: Ball
1-1: Ball
2-1: Foul Ball, location: 2F
2-2: Foul Ball, location: 2F
2-2: Foul Ball, location: 2F
2-2: Strikes out swinging
Batting: LHB Jeremy DiGenova 0-0: Called Strike
Chris Folse steals 2nd base
0-1: SINGLE (Line Drive, 56D, EV 99.4 MPH)
Chris Folse to third
Batting: LHB Eric Zacher 0-0: SINGLE (Groundball, 56, EV 104.4 MPH)
Chris Folse scores
Jeremy DiGenova to second
Batting: RHB David Schweitzer 0-0: Ball
1-0: Called Strike
1-1: Swinging Strike
1-2: Reached on error, E5 (Groundball, 15, EV 90.6 MPH)
Jeremy DiGenova to third
Eric Zacher to second
Batting: RHB Nate Singleton 0-0: Called Strike
0-1: Foul Ball, location: 2F
0-2: Ball
1-2: Ball
2-2: Grounds into double play, 5-4-3 (Groundball, 56, EV 88.1 MPH)
Top of the 2nd over - 1 run, 3 hits, 1 error, 2 left on base; Columbus 1 - Durham 1
BOTTOM OF THE 2ND
Durham Bulls batting - Pitching for Columbus Clippers : RHP Matt Laverty
Batting: SHB Soudai Abe 0-0: Called Strike
0-1: Ball
1-1: Swinging Strike
1-2: Ball
2-2: Foul Ball, location: 2F
2-2: Ball
3-2: Base on Balls
Batting: LHB Angel Ruvalcaba 0-0: Called Strike
0-1: Ball
Soudai Abe is caught stealing 2nd base 2-6
1-1: Foul Ball, location: 2F
1-2: Foul Ball, location: 2F
1-2: Ball
2-2: Foul Ball, location: 2F
2-2: Foul Ball, location: 2F
2-2: Foul Ball, location: 2F
2-2: Foul Ball, location: 2F
2-2: Ground out 4-3 (Groundball, 4, EV 88.8 MPH)
Batting: LHB Brian Hollinger 0-0: Ball
1-0: Called Strike
1-1: Called Strike
1-2: Ball
2-2: Strikes out swinging
Bottom of the 2nd over - 0 runs, 0 hits, 0 errors, 0 left on base; Columbus 1 - Durham 1
TOP OF THE 3RD
Columbus Clippers batting - Pitching for Durham Bulls : RHP Bill Alicea
Batting: SHB Jonathan DeFranco 0-0: Ball
1-0: Called Strike
1-1: Ball
2-1: Ground out 5-3 (Groundball, 56, EV 98.8 MPH)
Batting: RHB Tristan Dennis 0-0: Ball
1-0: Ball
2-0: Ball
3-0: Ground out 4-3 (Groundball, 4, EV 80.0 MPH)
Batting: LHB Doug Frampton 0-0: Ball
1-0: Ball
2-0: Ground out 2-3 (Groundball, 2R, EV 68.1 MPH)
Top of the 3rd over - 0 runs, 0 hits, 0 errors, 0 left on base; Columbus 1 - Durham 1
BOTTOM OF THE 3RD
Durham Bulls batting - Pitching for Columbus Clippers : RHP Matt Laverty
Batting: RHB Jose Herrera 0-0: Ball
1-0: SINGLE (Groundball, 6D, EV 94.4 MPH)
Batting: LHB Austin Ohmer 0-0: Called Strike
0-1: Foul Ball, location: 2F
0-2: Foul Ball, location: 2F
0-2: Reached on error, E8 (Flyball, 8RD, EV 96.2 MPH)
Jose Herrera to second
Batting: SHB Ben Pierce 0-0: Ball
1-0: Foul Ball, location: 2F
1-1: Swinging Strike
1-2: Ball
2-2: Ball
3-2: Strikes out looking
Batting: LHB Robin More 0-0: Ball
1-0: Ball
2-0: Ball
3-0: Base on Balls
Jose Herrera to third
Austin Ohmer to second
Batting: SHB Jose Vargas 0-0: Ball
1-0: Ball
2-0: Grounds out, U3 (Groundball, 3L, EV 77.5 MPH)
Jose Herrera scores
Austin Ohmer to third
Batting: RHB Danny Diaz 0-0: SINGLE (Groundball, 56, EV 89.4 MPH) (infield hit)
Austin Ohmer scores
Robin More to third
Batting: SHB Soudai Abe 0-0: Ball
Danny Diaz is caught stealing 2nd base 2-6
Bottom of the 3rd over - 2 runs, 2 hits, 1 error, 1 left on base; Columbus 1 - Durham 3
TOP OF THE 4TH
Columbus Clippers batting - Pitching for Durham Bulls : RHP Bill Alicea
Batting: RHB Chris Folse 0-0: Called Strike
0-1: Called Strike
0-2: Ball
1-2: Strikes out swinging
Batting: SHB Danny Simmons 0-0: Ball
1-0: Called Strike
1-1: Foul Ball, location: 2F
1-2: Ball
2-2: Ground out 3-1 (Groundball, 34D, EV 91.2 MPH)
Batting: LHB Jeremy DiGenova 0-0: Ball
1-0: Called Strike
1-1: Ball
2-1: Ball
3-1: Foul Ball, location: 2F
3-2: Strikes out swinging
Top of the 4th over - 0 runs, 0 hits, 0 errors, 0 left on base; Columbus 1 - Durham 3
BOTTOM OF THE 4TH
Durham Bulls batting - Pitching for Columbus Clippers : RHP Matt Laverty
Batting: SHB Soudai Abe 0-0: Ball
1-0: Bunt missed!
1-1: Ground out 4-3 (Groundball, 34, EV 105.0 MPH)
Batting: LHB Angel Ruvalcaba 0-0: Ball
1-0: Called Strike
1-1: Fly out, F9 (Flyball, 89S, EV 72.5 MPH)
Batting: LHB Brian Hollinger 0-0: Foul Ball, location: 2F
0-1: Foul Ball, location: 2F
0-2: Hit by Pitch
Batting: RHB Jose Herrera 0-0: Ball
1-0: Ball
2-0: Fly out, F9 (Flyball, 89D, EV 101.2 MPH)
Bottom of the 4th over - 0 runs, 0 hits, 0 errors, 1 left on base; Columbus 1 - Durham 3
TOP OF THE 5TH
Columbus Clippers batting - Pitching for Durham Bulls : RHP Bill Alicea
Batting: LHB Eric Zacher 0-0: Swinging Strike
0-1: Called Strike
0-2: Ball
1-2: Ball
2-2: Ground out 4-3 (Groundball, 4, EV 97.5 MPH)
Batting: RHB David Schweitzer 0-0: Called Strike
0-1: Ball
1-1: Ball
2-1: Ground out 5-3 (Groundball, 56, EV 103.1 MPH)
Batting: RHB Nate Singleton 0-0: Ground out 6-3 (Groundball, 56, EV 89.4 MPH)
Top of the 5th over - 0 runs, 0 hits, 0 errors, 0 left on base; Columbus 1 - Durham 3
BOTTOM OF THE 5TH
Durham Bulls batting - Pitching for Columbus Clippers : RHP Matt Laverty
Batting: LHB Austin Ohmer 0-0: Fly out, F8 (Line Drive, 8RM, EV 91.2 MPH)
Batting: SHB Ben Pierce 0-0: Swinging Strike
0-1: Ground out 6-3 (Groundball, 4MD, EV 90.0 MPH)
Batting: LHB Robin More 0-0: Foul Ball, location: 2F
0-1: Ground out 1-3 (Groundball, 13S, EV 67.5 MPH)
Bottom of the 5th over - 0 runs, 0 hits, 0 errors, 0 left on base; Columbus 1 - Durham 3
TOP OF THE 6TH
Columbus Clippers batting - Pitching for Durham Bulls : RHP Bill Alicea
Batting: SHB Jonathan DeFranco 0-0: Called Strike
0-1: Ball
1-1: Called Strike
1-2: DOUBLE (Groundball, 5L, EV 97.5 MPH)
Batting: RHB Tristan Dennis 0-0: Ball
1-0: Swinging Strike
1-1: Foul Ball, location: 2F
1-2: Ball
2-2: Foul Ball, location: 2F
2-2: SINGLE (Line Drive, 4D, EV 100.0 MPH)
Jonathan DeFranco to third
Batting: LHB Doug Frampton 0-0: Ball
1-0: Grounds into double play, 4-6-3 (Groundball, 34, EV 85.6 MPH)
Jonathan DeFranco scores
Batting: RHB Chris Folse 0-0: Called Strike
0-1: Ball
1-1: Foul Ball, location: 2F
1-2: Ground out 5-3 (Groundball, 56, EV 80.0 MPH)
Top of the 6th over - 1 run, 2 hits, 0 errors, 0 left on base; Columbus 2 - Durham 3
BOTTOM OF THE 6TH
Durham Bulls batting - Pitching for Columbus Clippers : RHP Matt Laverty
Batting: SHB Jose Vargas 0-0: Fly out, F9 (Line Drive, 9, EV 93.1 MPH)
Batting: RHB Danny Diaz 0-0: Called Strike
0-1: Ball
1-1: Called Strike
1-2: SINGLE (Groundball, 6MD, EV 108.8 MPH) (infield hit)
Batting: SHB Soudai Abe 0-0: Ball
1-0: Ball
Danny Diaz steals 2nd base (no throw)
2-0: Ground out 5-3 (Groundball, 56S, EV 83.1 MPH)
Batting: LHB Angel Ruvalcaba 0-0: Ball
1-0: Ball
2-0: Ball
3-0: Called Strike
3-1: SINGLE (Groundball, 34S, EV 68.8 MPH) (infield hit)
Danny Diaz to third
Batting: LHB Brian Hollinger 0-0: Ball
Angel Ruvalcaba is caught stealing 2nd base 2-6
Bottom of the 6th over - 0 runs, 2 hits, 0 errors, 1 left on base; Columbus 2 - Durham 3
TOP OF THE 7TH
Columbus Clippers batting - Pitching for Durham Bulls : RHP Bill Alicea
Batting: SHB Danny Simmons 0-0: Ball
1-0: Swinging Strike
1-1: Swinging Strike
1-2: Ball
2-2: Strikes out swinging
Batting: LHB Jeremy DiGenova 0-0: Called Strike
0-1: Ball
1-1: Ground out 4-3 (Groundball, 4, EV 85.6 MPH)
Batting: LHB Eric Zacher 0-0: Ball
1-0: Called Strike
1-1: Ball
2-1: Foul Ball, location: 2F
2-2: Ball
3-2: Foul Ball, location: 2F
3-2: SINGLE (Line Drive, 4D, EV 101.9 MPH)
Pitching: RHP Tyler Lybrand
Batting: RHB David Schweitzer 0-0: Called Strike
0-1: Ball
1-1: Swinging Strike
1-2: Strikes out looking
Top of the 7th over - 0 runs, 1 hit, 0 errors, 1 left on base; Columbus 2 - Durham 3
BOTTOM OF THE 7TH
Durham Bulls batting - Pitching for Columbus Clippers : RHP Matt Laverty
Batting: LHB Brian Hollinger 0-0: Ground out 6-3 (Groundball, 4M, EV 103.8 MPH)
Batting: RHB Jose Herrera 0-0: Called Strike
0-1: Ground out 4-3 (Groundball, 4, EV 88.8 MPH)
Batting: LHB Austin Ohmer 0-0: Called Strike
0-1: Ball
1-1: Called Strike
1-2: Ball
2-2: Foul Ball, location: 2F
2-2: Ball
3-2: SINGLE (Groundball, 6MD, EV 100.0 MPH) (infield hit)
Pitching: RHP Josh Hebert
Batting: SHB Ben Pierce 0-0: Swinging Strike
0-1: Ball
1-1: Called Strike
1-2: SINGLE (Groundball, 4MD, EV 96.9 MPH)
Austin Ohmer to second
Batting: LHB Robin More 0-0: Called Strike
0-1: Ball
1-1: Ball
2-1: Foul Ball, location: 2F
2-2: DOUBLE (Flyball, 8LXD, EV 95.6 MPH)
Austin Ohmer scores
Ben Pierce to third
Batting: SHB Jose Vargas 0-0: Swinging Strike
0-1: Swinging Strike
0-2: Hit by Pitch
Batting: RHB Danny Diaz 0-0: Ball
1-0: Called Strike
1-1: Foul Ball, location: 2F
1-2: SINGLE (Groundball, 4M, EV 96.2 MPH) (infield hit)
Ben Pierce scores
Robin More to third
Jose Vargas to second
Batting: SHB Soudai Abe 0-0: Ball
1-0: Swinging Strike
1-1: Ball
2-1: Foul Ball, location: 2F
2-2: Ground out 5-3 (Groundball, 56S, EV 66.2 MPH)
Bottom of the 7th over - 2 runs, 4 hits, 0 errors, 3 left on base; Columbus 2 - Durham 5
TOP OF THE 8TH
Columbus Clippers batting - Pitching for Durham Bulls : RHP Tyler Lybrand
Batting: RHB Nate Singleton 0-0: Called Strike
0-1: Ball
1-1: Ball
2-1: Swinging Strike
2-2: Ball
3-2: Base on Balls
Batting: SHB Jonathan DeFranco 0-0: Fly out, F9 (Line Drive, 9D, EV 95.6 MPH)
Batting: RHB Tristan Dennis 0-0: Ball
1-0: Ball
2-0: Foul Ball, location: 2F
2-1: Called Strike
2-2: Strikes out swinging
Batting: LHB Doug Frampton 0-0: Ball
1-0: Called Strike
1-1: Ball
2-1: Swinging Strike
2-2: Strikes out swinging
Top of the 8th over - 0 runs, 0 hits, 0 errors, 1 left on base; Columbus 2 - Durham 5
BOTTOM OF THE 8TH
Durham Bulls batting - Pitching for Columbus Clippers : RHP Josh Hebert
Pitching: LHP Eric Larsen
Batting: LHB Angel Ruvalcaba 0-0: Called Strike
0-1: Ball
1-1: Ball
2-1: Called Strike
2-2: Foul Ball, location: 2F
2-2: Foul Ball, location: 2F
2-2: Ball
3-2: Strikes out swinging
Batting: LHB Brian Hollinger 0-0: Fly out, F7 (Flyball, 7S, EV 68.8 MPH)
Batting: RHB Jose Herrera 0-0: Swinging Strike
0-1: Called Strike
0-2: Ground out 5-3 (Groundball, 56, EV 85.6 MPH)
Bottom of the 8th over - 0 runs, 0 hits, 0 errors, 0 left on base; Columbus 2 - Durham 5
TOP OF THE 9TH
Columbus Clippers batting - Pitching for Durham Bulls : RHP Tyler Lybrand
Pitching: RHP Luis Cubero
Batting: RHB Chris Folse 0-0: Called Strike
0-1: Fly out, F8 (Flyball, 8RM, EV 81.2 MPH)
Batting: SHB Danny Simmons 0-0: Swinging Strike
0-1: Called Strike
0-2: Foul Ball, location: 2F
0-2: Ball
1-2: Strikes out looking
Batting: LHB Jeremy DiGenova 0-0: Called Strike
0-1: Foul Ball, location: 2F
0-2: Ball
1-2: Strikes out looking
Top of the 9th over - 0 runs, 0 hits, 0 errors, 0 left on base; Columbus 2 - Durham 5
Thursday, March 31st , 2022 - OOTP Baseball 22.12 Build 89